cohdb
Replays
Latest Replays
All Replays
Popular Replays
Top Player Replays
Match Explorer
How It Works
Community
CoH3 Stats
Reddit
Sign in to upload your games and track your stats! →
Sign in with Steam
Match 38644259
Unlisted
Match 38644259
Overview
Messages
Build Orders
End
Construct Barracks
Riflemen Squad
Selects Airborne Battlegroup
Selects Heavy Machine Gun Paradrop
Heavy Machine Gun Paradrop
Riflemen Squad
Riflemen Squad
M1 Mortar Team
Selects Paratrooper Squad Paradrop
Paratrooper Squad Paradrop
Construct Medical Station
Infantry Support Center
Selects Anti-tank Gun Team Paradrop
Construct Tank Depot
Anti-tank Gun Team Paradrop
M18 Hellcat Tank Destroyer
M1918 Browning Automatic Rifles
Selects Recon Loiter
Selects Supply Drop
Supply Drop
Engineer Squad
Grenade Package
M4(105) Sherman Bulldozer
Anti-tank Gun Team Paradrop
Selects Carpet Bombing Run
Carpet Bombing Run
Recon Loiter
M4A1 Sherman Medium Tank
Genki
cheunel
Scythe
sirXavio
0
0
Comments
sign in to comment!
No comments posted yet!